Map: Overgrown Facility

Players

MotherRussia

  • Race: Zerg Zerg
  • League: Master
  • Spawn Location: 1:00

Fallve

  • Race: Terran Terran
  • League: Diamond
  • Spawn Location: 3:00

PureLegacy - Winner!

  • Race: Terran Terran
  • Spawn Location: 7:00

Jöker - Winner!

  • Race: Terran Terran
  • Spawn Location: 9:00

VOD

Have the link to the VOD?

Description

Time

  • Played on: Nov. 27, 2018, 1:19 p.m.
  • Length: 15:51
Show
View Real Time Build Order
Export as new Build Order

MotherRussia Zerg 

Build Orders: Hatch First, Brood Lord Corruptor 

Get SALT Encoding   

  12  0:02  Drone  
  13  0:14  Overlord  
  13  0:19  Drone  
  14  0:32  Drone x2  
  16  0:37  Drone  
  17  0:56  Hatchery  
  16  0:59  Drone  
  16  1:02  Drone  
  16  1:04  Extractor  
  17  1:19  Spawning Pool  
  17  1:23  Drone  
  17  1:26  Drone  
  18  1:33  Drone  
  19  1:45  Overlord  
  19  2:06  Metabolic Boost, Queen  
  19  2:08  Queen  
  21  2:10  Zergling x2  
  21  2:14  Zergling x2  
  25  2:19  Drone  
  25  2:20  Drone  
  27  2:26  Drone  
  27  2:27  Drone  
  29  2:35  Drone  
  29  2:36  Drone  
  31  2:41  Drone  
  32  2:47  Overlord  
  32  3:00  Zergling x2  
  32  3:01  Zergling x2  
  34  3:06  Zergling x4  
  36  3:17  Drone x6  
  37  3:41  Zergling x2  
  37  3:42  Zergling x8  
  42  3:49  Zergling x2  
  42  4:04  Zergling x2  
  42  4:06  Overlord  
  43  4:13  Lair  
  43  4:15  Roach Warren, Extractor  
  43  4:16  Extractor  
  41  4:24  Drone x3  
  41  4:25  Drone x2  
  41  4:26  Drone  
  46  4:35  Zergling x4  
  48  4:41  Zergling x2  
  48  4:42  Zergling x4  
  51  4:45  Overlord  
  51  5:02  Overlord  
  51  5:03  Overlord  
  50  5:13  Glial Reconstitution  
  47  5:18  Roach  
  47  5:19  Roach x5  
  47  5:21  Roach  
  58  5:37  Spire  
  57  5:43  Drone  
  57  5:44  Drone x4  
  62  5:54  Drone x2, Extractor  
  63  6:04  Drone  
  64  6:05  Overlord x4  
  64  6:19  Drone, Hatchery  
  64  6:20  Drone x2  
  64  6:21  Drone  
  66  6:53  Mutalisk  
  66  6:54  Mutalisk x7  
  80  7:08  Mutalisk  
  80  7:09  Mutalisk x2  
  80  7:15  Overlord  
  86  7:17  Drone  
  86  7:18  Drone x3  
  86  7:19  Extractor  
  86  7:22  Extractor  
  87  7:43  Mutalisk x3  
  89  7:50  Drone  
  89  7:51  Drone x6  
  89  8:09  Drone  
  89  8:10  Drone x2  
  89  8:12  Drone x3  
  93  8:16  Zerg Flyer Weapons Level 1  
  93  8:17  Drone  
  94  8:24  Drone  
  94  8:25  Drone x2  
  97  8:34  Mutalisk x2  
  99  8:42  Mutalisk x2  
  99  8:47  Infestation Pit  
  102  8:55  Baneling Nest, Drone x3  
  104  8:58  Mutalisk  
  104  8:59  Mutalisk x3  
  112  9:03  Overlord  
  112  9:13  Queen  
  112  9:15  Overlord  
  116  9:17  Roach x3  
  116  9:22  Roach  
  116  9:23  Roach  
  124  9:37  Mutalisk x2  
  124  9:38  Mutalisk x2  
  116  9:45  Hive  
  116  9:53  Roach  
  116  9:54  Roach x7  
  132  10:04  Overlord  
  132  10:05  Overlord  
  130  10:32  Roach x4  
  130  10:35  Overlord x2  
  132  10:51  Roach x3  
  126  11:10  Greater Spire  
  116  11:12  Roach x9  
  134  11:20  Ravager  
  134  11:21  Ravager x11  
  134  11:24  Overlord  
  144  11:57  Corruptor  
  144  11:58  Corruptor x5  
  107  12:29  Brood Lord x2  
  113  12:30  Brood Lord  
  113  12:35  Brood Lord  
  109  12:37  Hatchery  
  109  12:39  Extractor  
  109  12:40  Extractor  
  109  12:42  Brood Lord  
  108  12:54  Brood Lord  
  108  12:57  Corruptor  
  112  13:13  Corruptor  
  112  13:14  Zergling x2  
  112  13:15  Zergling x30  
  130  13:23  Roach  
  132  13:28  Ravager x5  
  137  13:36  Corruptor  
  137  13:54  Brood Lord  
  130  14:05  Zergling x8  
  130  14:06  Zergling x12  
  118  14:20  Zergling x2  
  118  14:21  Zergling x8  
  112  14:26  Brood Lord  
  111  14:40  Roach  
  111  14:41  Roach x4  
  120  14:49  Roach x2  
  109  14:54  Corruptor x3  
  109  15:04  Zergling x4  
  103  15:09  Corruptor  
Show
View Real Time Build Order
Export as new Build Order

Fallve Terran 

Build Orders: Cyclone Opening, Mech 

Get SALT Encoding   

  12  0:00  SCV  
  13  0:13  SCV  
  14  0:18  Supply Depot  
  14  0:25  SCV  
  15  0:40  SCV  
  15  0:41  Barracks  
  16  0:48  Refinery  
  16  0:52  SCV  
  17  0:59  Refinery  
  17  1:04  SCV  
  18  1:16  SCV  
  19  1:29  Supply Depot, Orbital Command  
  19  1:32  Barracks Tech Lab  
  19  1:45  Factory  
  19  1:54  Marauder  
  19  1:59  SCV  
  22  2:11  SCV  
  23  2:23  SCV  
  24  2:41  Cyclone  
  27  2:47  Command Center  
  27  2:50  SCV  
  28  3:02  SCV  
  29  3:06  Marine  
  27  3:14  Cyclone  
  29  3:23  SCV  
  30  3:35  SCV  
  30  3:36  Barracks Tech Lab  
  30  3:38  Factory  
  31  3:49  Supply Depot  
  31  3:59  SCV  
  32  4:10  Cyclone  
  32  4:12  SCV  
  32  4:14  Orbital Command  
  36  4:24  SCV  
  37  4:37  SCV  
  38  4:39  Supply Depot x2  
  38  4:42  Cyclone  
  38  4:45  Cyclone  
  44  4:46  SCV  
  44  4:49  SCV  
  46  4:58  SCV  
  47  5:09  SCV  
  47  5:10  SCV  
  48  5:22  SCV  
  48  5:26  Cyclone  
  48  5:27  Cyclone  
  48  5:38  Marine  
  41  5:53  SCV x2  
  41  5:56  Marine  
  44  5:59  Cyclone x2  
  50  6:05  SCV x2  
  46  6:17  SCV x2  
  42  6:29  Refinery, Factory, SCV x2  
  42  6:30  Refinery  
  42  6:31  Siege Tank  
  47  6:40  Supply Depot  
  47  6:41  SCV x2  
  49  6:51  Siege Tank  
  49  6:53  SCV x2  
  54  7:05  SCV x2  
  58  7:08  Hellion  
  58  7:17  SCV  
  58  7:18  SCV  
  60  7:23  Hellion  
  60  7:29  SCV, Siege Tank  
  52  7:30  SCV  
  53  7:37  Factory Reactor  
  53  7:40  Supply Depot  
  53  7:45  SCV x2, Starport  
  53  7:47  Starport  
  55  7:57  SCV x2  
  60  7:58  Command Center  
  60  8:09  SCV x2  
  60  8:10  Command Center  
  62  8:17  Hellion x2  
  65  8:21  SCV x2, Siege Tank x2  
  71  8:27  Starport Tech Lab  
  71  8:33  SCV x2  
  73  8:34  Refinery  
  73  8:36  Supply Depot  
  73  8:37  Starport Tech Lab  
  73  8:38  Supply Depot  
  73  8:39  Refinery  
  73  8:42  Liberator  
  73  8:45  SCV x2  
  75  8:49  Cloaking Field  
  75  8:50  Banshee  
  78  8:57  SCV x2  
  83  9:03  Fusion Core, Hellion  
  83  9:04  Hellion x2  
  83  9:09  SCV  
  90  9:10  Engineering Bay, SCV  
  90  9:12  Orbital Command  
  91  9:20  Hellion  
  91  9:21  SCV  
  91  9:22  SCV  
  95  9:24  Refinery, Hellion, Orbital Command  
  95  9:25  Siege Tank  
  95  9:26  Refinery  
  100  9:33  Hyperflight Rotors, Banshee  
  103  9:38  SCV  
  103  9:39  SCV x2  
  103  9:41  Siege Tank  
  109  9:51  SCV x2  
  111  9:59  Cyclone  
  114  10:13  Cyclone  
  118  10:21  SCV x3  
  118  10:22  SCV  
  118  10:25  Missile Turret x2  
  118  10:26  Missile Turret  
  121  10:29  Missile Turret x2  
  121  10:31  Missile Turret  
  121  10:32  Hellion, Siege Tank  
  121  10:33  Hellion, SCV x2  
  130  10:42  Liberator x2  
  130  10:47  Siege Tank  
  130  10:49  Missile Turret  
  124  10:50  Missile Turret  
  124  10:53  Missile Turret  
  124  10:54  Hellion  
  124  10:56  Missile Turret  
  126  11:03  Hellion  
  131  11:07  Siege Tank  
  128  11:11  Supply Depot  
  128  11:15  Hellion  
  128  11:16  Supply Depot  
  130  11:25  Hellion  
  132  11:31  Refinery  
  132  11:32  Command Center  
  132  11:33  Siege Tank  
  132  11:35  Refinery  
  132  11:37  Hellion  
  132  11:39  Liberator x2, Siege Tank  
  140  11:40  Missile Turret  
  140  11:41  Missile Turret  
  140  11:42  Missile Turret  
  140  11:43  Missile Turret  
  118  11:55  Advanced Ballistics  
  117  12:05  Siege Tank  
  117  12:11  Hellion x2, Siege Tank  
  117  12:21  Liberator  
  113  12:32  Hellion x2  
  113  12:34  Starport  
  113  12:37  Starport, Siege Tank  
  115  12:39  Viking  
  115  12:43  Siege Tank  
  126  12:52  Orbital Command  
  126  12:58  Missile Turret x2  
  126  13:02  Missile Turret  
  126  13:03  Missile Turret  
  126  13:04  Missile Turret  
  126  13:05  Missile Turret  
  126  13:08  Missile Turret  
  126  13:09  Siege Tank  
  129  13:13  Armory  
  129  13:14  Armory  
  129  13:23  Hellion x2  
  133  13:28  Starport Reactor  
  133  13:29  Starport Reactor  
  110  14:16  Hellion x2  
  106  14:17  Liberator x4  
  102  14:31  Orbital Command  
  87  14:37  Widow Mine x2  
  93  14:46  SCV x3  
  87  14:58  SCV x3, Widow Mine  
  87  14:59  Widow Mine  
  91  15:10  SCV x3  
  94  15:20  Widow Mine x2  
  102  15:22  SCV x3  
Show
View Real Time Build Order
Export as new Build Order

PureLegacy Terran - Winner!

Build Orders:  

Get SALT Encoding   

  12  0:04  SCV  
  13  0:16  SCV  
  14  0:21  Supply Depot  
  15  0:28  SCV  
  15  0:33  Refinery  
  15  0:43  SCV  
  15  0:47  Barracks  
  16  0:55  SCV  
  17  1:04  Barracks  
  17  1:19  Barracks  
  17  1:23  SCV  
  18  1:35  Reaper  
  19  1:41  Orbital Command  
  19  1:49  Refinery  
  19  1:54  Reaper  
  20  2:07  Supply Depot  
  20  2:09  Reaper  
  20  2:12  SCV  
  22  2:18  Reaper  
  23  2:29  Reaper, SCV  
  25  2:31  Supply Depot  
  25  2:41  Reaper, SCV  
  27  2:50  Reaper  
  28  2:53  SCV  
  28  3:06  Reaper  
  29  3:19  Reaper, Command Center  
  29  3:20  SCV  
  29  3:23  Reaper  
  30  3:38  Reaper  
  31  3:42  SCV  
  31  3:44  Engineering Bay  
  32  3:52  Reaper  
  33  4:02  Reaper  
  33  4:05  SCV  
  33  4:06  Barracks  
  33  4:07  Barracks  
  34  4:12  Terran Infantry Weapons Level 1  
  34  4:15  Reaper  
  35  4:21  SCV  
  36  4:27  Supply Depot  
  36  4:28  Reaper  
  35  4:37  Orbital Command  
  35  4:39  SCV  
  35  4:41  Reaper  
  37  4:47  Refinery  
  37  4:48  Refinery  
  37  4:50  Reaper  
  38  4:55  SCV  
  38  4:56  Reaper x2  
  41  5:05  Reaper  
  41  5:06  SCV  
  43  5:12  SCV  
  43  5:13  Reaper  
  45  5:18  SCV  
  46  5:25  Reaper  
  47  5:30  Barracks  
  47  5:31  Barracks  
  47  5:33  Reaper  
  46  5:45  Reaper x2  
  46  5:47  Reaper  
  46  5:51  SCV x2  
  48  5:57  Supply Depot  
  48  5:58  Reaper  
  48  6:03  SCV  
  50  6:05  SCV  
  47  6:17  Reaper  
  47  6:18  Reaper x4  
  47  6:23  Reaper  
  50  6:27  SCV x2  
  50  6:31  Reaper  
  53  6:39  SCV x2  
  54  6:50  Reaper x2  
  54  6:52  Terran Infantry Armor Level 1  
  54  6:53  Barracks  
  56  6:55  Barracks  
  56  6:56  Reaper x2  
  59  7:10  SCV  
  59  7:11  SCV  
  61  7:18  Supply Depot  
  63  7:35  Barracks Tech Lab  
  63  7:36  Marine x4  
  63  7:37  Marine  
  59  7:38  Missile Turret  
  59  7:42  Missile Turret x2, SCV x2  
  59  7:43  Missile Turret  
  63  7:45  Missile Turret  
  63  7:46  Factory  
  63  7:47  Missile Turret, Marine  
  64  7:55  Missile Turret  
  64  7:56  Marine x4  
  66  8:04  Marine x2  
  61  8:10  Marine  
  61  8:12  SCV x2  
  58  8:17  Marine x4  
  62  8:22  Marine x2  
  64  8:30  Command Center  
  64  8:32  Factory Reactor  
  64  8:33  Starport  
  64  8:45  Marine x5  
  64  8:46  Armory, Marine  
  64  8:47  Engineering Bay  
  70  8:49  Marine  
  70  8:53  SCV x2  
  73  8:58  Supply Depot  
  73  8:59  Supply Depot  
  73  9:07  SCV x2  
  75  9:16  Medivac  
  77  9:18  Supply Depot  
  77  9:19  Medivac  
  77  9:21  Marine x5  
  83  9:40  Marine x5, Barracks Tech Lab  
  83  9:41  Marine  
  88  9:51  Terran Infantry Weapons Level 2, Terran Infantry Armor Level 2  
  88  9:55  Medivac x2  
  92  10:01  Barracks Reactor x3, Combat Shield  
  92  10:07  SCV  
  93  10:15  Missile Turret  
  93  10:16  Missile Turret x2  
  93  10:17  Missile Turret  
  93  10:18  Marine  
  97  10:25  Medivac x2  
  99  10:29  Barracks Tech Lab x2  
  99  10:30  Barracks Tech Lab  
  99  10:33  Supply Depot  
  80  10:51  Marauder x4, Concussive Shells  
  80  10:54  Marine, Stimpack  
  80  10:55  Marine x4  
  80  10:56  Marine  
  91  11:10  Medivac x2, Orbital Command  
  91  11:11  SCV  
  95  11:12  SCV  
  96  11:22  Marine  
  96  11:23  Marine x6  
  103  11:26  SCV x2  
  105  11:36  Marauder x3  
  105  11:38  SCV x2  
  112  11:47  Medivac x2  
  112  11:48  Supply Depot x2  
  116  11:55  Marine x3, Marauder  
  116  11:56  Marine  
  116  11:58  Marauder  
  116  11:59  Marine  
  125  12:03  Supply Depot  
  125  12:08  Marine  
  125  12:09  Supply Depot  
  104  12:26  Terran Infantry Weapons Level 3, Terran Infantry Armor Level 3  
  103  12:38  Marauder x4  
  103  12:39  Marine x3  
  103  12:40  Marine x2  
  116  12:47  Barracks  
  116  12:49  Barracks  
  116  12:50  Medivac x2  
  120  12:53  Marine  
  120  12:58  SCV x3, Command Center  
  124  13:01  Sensor Tower  
  124  13:03  Marine x2  
  124  13:04  Marine x3  
  124  13:05  Marauder  
  131  13:10  SCV  
  132  13:17  SCV x2  
  132  13:18  Marine x2, Marauder  
  138  13:22  SCV  
  139  13:28  Marine x4  
  139  13:29  Marine, Marauder  
  144  13:41  Marine  
  144  13:43  Barracks Reactor x2  
  144  13:44  Marine x2  
  142  14:02  Marine x3  
  144  14:03  Marauder x2  
  146  14:14  Marine x3, Marauder  
  146  14:15  Marauder  
  149  14:20  Marine x3  
  149  14:21  Medivac x2  
  158  14:24  Marauder x2  
  154  14:32  Marine x2  
  154  14:34  Marine x2  
  155  14:40  Marine x3  
  158  14:45  Marine  
  158  14:46  Marine x2  
  158  14:51  Medivac x2  
  162  14:53  Marine  
  162  14:54  Marine, Marauder  
  162  14:57  Marine  
  167  15:01  Planetary Fortress  
  167  15:03  Marine x2  
  166  15:08  Marine x2  
Show
View Real Time Build Order
Export as new Build Order

Jöker Terran - Winner!

Build Orders: Hellion Opening, Mech 

Get SALT Encoding   

  12  0:01  SCV  
  13  0:13  SCV  
  14  0:17  Supply Depot  
  14  0:25  SCV  
  15  0:28  Refinery  
  15  0:39  SCV  
  16  0:46  Barracks  
  16  0:51  SCV  
  17  1:03  SCV  
  18  1:15  SCV  
  19  1:27  SCV  
  20  1:33  Marine  
  20  1:34  Factory  
  21  1:40  Orbital Command  
  21  1:44  Supply Depot  
  21  1:57  Barracks Reactor  
  21  2:06  SCV  
  22  2:15  Supply Depot  
  22  2:18  SCV  
  23  2:30  SCV  
  23  2:36  Hellion  
  23  2:37  Hellion  
  28  2:38  Command Center  
  28  2:46  Refinery  
  28  2:55  SCV  
  28  2:58  Hellion x2  
  33  3:04  Factory  
  33  3:10  Supply Depot, SCV  
  34  3:22  Hellion x2  
  34  3:26  Barracks Tech Lab  
  36  3:43  Hellion  
  36  3:44  Hellion  
  40  3:52  Orbital Command  
  40  3:54  SCV  
  37  4:07  Hellion, Infernal Pre-Igniter  
  37  4:08  Hellion  
  41  4:11  SCV  
  42  4:18  Siege Tank  
  44  4:24  SCV  
  44  4:29  Hellion x2  
  48  4:32  SCV  
  48  4:35  Supply Depot  
  48  4:36  SCV  
  50  4:45  SCV  
  51  4:50  Siege Tank  
  54  4:57  SCV  
  55  5:08  SCV  
  55  5:10  Command Center  
  55  5:13  Hellion x2  
  56  5:22  Siege Tank  
  53  5:33  Factory  
  47  5:37  Hellion x2, SCV  
  47  5:41  Armory  
  47  5:42  SCV  
  53  5:43  Armory  
  53  5:51  Barracks Tech Lab  
  53  5:52  SCV  
  53  5:56  SCV  
  55  5:57  Refinery x2  
  55  6:02  Hellion, Siege Tank  
  55  6:04  SCV  
  61  6:05  Hellion  
  61  6:08  SCV  
  64  6:16  Supply Depot, SCV  
  64  6:17  Supply Depot  
  65  6:20  SCV  
  65  6:23  Orbital Command  
  66  6:28  SCV  
  66  6:32  Terran Vehicle Weapons Level 1, Terran Vehicle And Ship Armor Level 1  
  67  6:34  SCV  
  68  6:43  SCV  
  68  6:45  Siege Tank  
  72  6:48  Hellion x2  
  72  6:49  Siege Tank  
  72  6:53  SCV  
  80  7:04  SCV  
  81  7:09  Supply Depot x2, SCV x2  
  81  7:10  Factory, Supply Depot  
  83  7:16  SCV  
  83  7:21  SCV  
  83  7:24  SCV  
  83  7:28  SCV  
  91  7:34  Thor x2  
  91  7:36  Engineering Bay  
  97  7:38  SCV  
  75  7:51  SCV x2  
  75  7:56  Factory Tech Lab  
  77  8:01  Missile Turret  
  77  8:04  Missile Turret  
  77  8:05  Missile Turret x2  
  77  8:06  Missile Turret  
  77  8:08  SCV x2  
  77  8:10  Missile Turret  
  79  8:15  Thor  
  79  8:16  Hellion  
  79  8:17  Hellion  
  79  8:18  SCV  
  90  8:24  SCV, Siege Tank  
  93  8:32  SCV  
  94  8:41  SCV  
  95  8:50  Supply Depot x2, Command Center  
  95  8:53  Refinery  
  95  8:56  Refinery, Siege Tank x2  
  95  8:59  SCV  
  102  9:08  Terran Vehicle Weapons Level 2, Supply Depot x2, Terran Vehicle And Ship Armor Level 2  
  102  9:12  Hellion  
  102  9:13  Hellion  
  106  9:29  Hellion x2, Siege Tank  
  106  9:30  SCV  
  114  9:37  Missile Turret  
  114  9:38  Missile Turret x2  
  114  9:39  Sensor Tower  
  114  9:44  Hellion x2  
  118  9:45  SCV  
  118  9:50  Thor  
  118  9:51  SCV  
  126  9:55  Siege Tank  
  129  10:01  SCV, Siege Tank  
  129  10:06  Hellion x2  
  137  10:09  SCV  
  138  10:19  Refinery  
  136  10:27  SCV, Orbital Command  
  135  10:32  Thor  
  135  10:33  Thor, Siege Tank  
  135  10:34  Missile Turret  
  135  10:35  Missile Turret  
  150  10:36  Supply Depot  
  138  11:01  Hellion x2  
  134  11:05  Siege Tank  
  134  11:06  SCV  
  138  11:15  Refinery, Thor x2  
  150  11:26  Factory  
  150  11:27  Factory  
  150  11:28  Factory x2, SCV  
  151  11:33  Sensor Tower  
  151  11:38  Missile Turret  
  151  11:46  Missile Turret  
  151  11:49  Missile Turret  
  137  11:58  Siege Tank x2  
  137  11:59  Siege Tank  
  138  12:04  SCV  
  138  12:07  Terran Vehicle Weapons Level 3  
  115  12:08  Terran Vehicle And Ship Armor Level 3  
  115  12:14  SCV  
  89  12:16  Hellion x2  
  89  12:18  Factory Tech Lab x4  
  93  12:24  SCV x2  
  95  12:31  Starport  
  95  12:32  Starport  
  98  12:37  Siege Tank x2  
  98  12:40  SCV  
  102  12:49  Command Center  
  102  12:50  Siege Tank  
  102  12:51  Siege Tank  
  108  12:52  Missile Turret  
  108  12:53  Missile Turret, SCV  
  108  12:55  Missile Turret  
  108  12:56  Missile Turret  
  109  13:09  Starport Reactor  
  109  13:10  Starport Tech Lab  
  109  13:12  Fusion Core  
  109  13:14  Thor, Siege Tank  
  109  13:15  Hellion x3  
  109  13:17  SCV  
  125  13:31  Siege Tank x3  
  134  13:35  SCV  
  130  13:54  Hellion  
  130  13:55  Hellion x3  
  126  13:57  SCV  
  126  13:59  Viking x2  
  126  14:00  Viking  
  133  14:04  Orbital Command  
  133  14:07  Refinery  
  133  14:13  Refinery  
  122  14:17  Hellion x2  
  122  14:18  Hellion  
  124  14:29  Viking x2  
  124  14:30  Hellion x3, Siege Tank  
  122  14:37  Hellion x2  
  118  14:39  Hellion  
  109  14:52  Orbital Command  
  109  14:58  Viking  
  109  14:59  Viking x2  
  115  15:06  Refinery  
  115  15:09  Siege Tank x4  
  115  15:10  Hellion x3  
  115  15:11  Refinery  
Tags
 
Add a new tag
Caveats
  • Supply blocks, unpowered buildings, or Contaminate may cause inaccurate times.
  • Supply counts are checked every 10 seconds.